[ AOE2 MATCH · #507821862 ]
UnrankedMongols vs Ethiopians
Player's team · WIN
[ REPLAY ANALYSIS · EXTRACTED FROM THE RECORDED GAME ]
Feudal
10:03
Castle
20:04
Imperial
37:57
| APM avg | 95.0 |
| APM peak | 147 |
| eAPM avg | 41.0 |
| Villagers / military | 179 / 134 |
Focus
⚔️ 49.5% · 🌾 50.5%
Skirmisher ×74 · Cavalry Archer ×41 · Militia ×9 · Monk ×4 · Mangonel ×4 · Spearman ×2
Feudal
8:50
Castle
23:39
Imperial
40:20
| APM avg | 83.7 |
| APM peak | 137 |
| eAPM avg | 35.9 |
| Villagers / military | 88 / 144 |
Focus
⚔️ 55.7% · 🌾 44.3%
Archer ×118 · Mangonel ×13 · Scorpion ×9 · Scout Cavalry ×4
Match map
Initial resources + every placement click. Lines = walls · curves = elevation contours. ◆ gold · ⬟ stone · ● berries · ✦ relic · ◌ wall gap
Your base· Open — 5t gap
[TMG] Lucipher's base· Open — unwalled flank
Smoothed initial terrain · ◌ = detected wall gap · hover for details
Inputs per minute
— nunu - - [TMG] Lucipher
Build order — nunu
First 150 of 483 actions detected
| 0:00 | Queue | Villager (Male) |
| 0:00 | Queue | Villager (Male) |
| 0:01 | Queue | Villager (Male) |
| 0:02 | Build | House |
| 0:02 | Build | House |
| 0:13 | Queue | Villager (Male) |
| 1:11 | Build | Lumber Camp |
| 1:13 | Build | Lumber Camp |
| 1:25 | Queue | Villager (Male) |
| 2:11 | Queue | Villager (Male) |
| 2:20 | Research | Loom |
| 2:31 | Queue | Villager (Male) |
| 2:50 | Queue | Villager (Male) |
| 3:00 | Queue | Villager (Male) |
| 3:15 | Queue | Villager (Male) |
| 3:38 | Queue | Villager (Male) |
| 3:38 | Queue | Villager (Male) |
| 3:59 | Build | Mill |
| 4:05 | Build | House |
| 4:39 | Queue | Villager (Male) |
| 4:40 | Queue | Villager (Male) |
| 4:42 | Queue | Villager (Male) |
| 4:52 | Queue | Villager (Male) |
| 4:52 | Queue | Villager (Male) |
| 5:15 | Build | Barracks |
| 5:21 | Queue | Villager (Male) |
| 5:23 | Queue | Villager (Male) |
| 5:25 | Queue | Villager (Male) |
| 5:26 | Queue | Villager (Male) |
| 5:37 | Queue | Villager (Male) |
| 5:57 | Build | House |
| 5:58 | Queue | Villager (Male) |
| 6:12 | Queue | Villager (Male) |
| 6:20 | Queue | Militia |
| 6:24 | Queue | Militia |
| 6:25 | Queue | Villager (Male) |
| 6:30 | Queue | Villager (Male) |
| 6:33 | Queue | Villager (Male) |
| 6:33 | Queue | Militia |
| 6:35 | Queue | Villager (Male) |
| 6:36 | Queue | Villager (Male) |
| 6:48 | Queue | Villager (Male) |
| 6:53 | Queue | Villager (Male) |
| 6:54 | Build | Mill |
| 6:55 | Queue | Villager (Male) |
| 6:58 | Queue | Militia |
| 7:02 | Build | House |
| 7:04 | Queue | Villager (Male) |
| 7:13 | Queue | Militia |
| 7:53 | Research | Feudal Age |
| 8:26 | Queue | Militia |
| 8:26 | Queue | Militia |
| 8:46 | Queue | Villager (Male) |
| 8:47 | Queue | Villager (Male) |
| 9:14 | Queue | Villager (Male) |
| 9:18 | Queue | Villager (Male) |
| 9:30 | Build | Mining Camp |
| 9:41 | Build | House |
| 9:48 | Queue | Villager (Male) |
| 10:03 | Age | Feudal Age |
| 10:16 | Research | Man-at-Arms (upgrade) |
| 10:18 | Queue | Villager (Male) |
| 10:21 | Build | Farm |
| 10:21 | Build | Farm |
| 10:21 | Build | Farm |
| 10:22 | Build | Farm |
| 10:22 | Build | Farm |
| 10:28 | Queue | Villager (Male) |
| 10:32 | Queue | Villager (Male) |
| 10:37 | Queue | Villager (Male) |
| 10:40 | Research | Arson |
| 10:41 | Queue | Villager (Male) |
| 10:44 | Queue | Villager (Male) |
| 11:19 | Queue | Villager (Male) |
| 11:22 | Queue | Villager (Male) |
| 11:38 | Queue | Villager (Male) |
| 11:46 | Build | Archery Range |
| 11:56 | Research | Loom |
| 12:05 | Research | Double-Bit Axe |
| 12:37 | Build | House |
| 12:37 | Queue | Skirmisher |
| 12:37 | Queue | Skirmisher |
| 12:39 | Queue | Villager (Male) |
| 12:40 | Queue | Villager (Male) |
| 12:44 | Queue | Villager (Male) |
| 12:45 | Queue | Villager (Male) |
| 12:53 | Queue | Villager (Male) |
| 12:58 | Queue | Villager (Male) |
| 13:01 | Queue | Villager (Male) |
| 13:04 | Queue | Villager (Male) |
| 13:06 | Queue | Skirmisher |
| 13:06 | Queue | Skirmisher |
| 13:19 | Queue | Villager (Male) |
| 13:25 | Build | House |
| 13:28 | Queue | Skirmisher |
| 13:36 | Queue | Villager (Male) |
| 13:42 | Queue | Skirmisher |
| 13:48 | Build | Farm |
| 13:49 | Build | Farm |
| 13:58 | Build | Farm |
| 14:04 | Build | Farm |
| 14:09 | Queue | Skirmisher |
| 14:27 | Queue | Skirmisher |
| 14:41 | Queue | Villager (Male) |
| 14:48 | Build | Farm |
| 14:48 | Build | Farm |
| 14:49 | Build | Farm |
| 14:51 | Queue | Villager (Male) |
| 14:55 | Queue | Skirmisher |
| 15:02 | Queue | Villager (Male) |
| 15:09 | Build | Farm |
| 15:11 | Build | House |
| 15:12 | Build | Palisade Wall |
| 15:13 | Build | Palisade Wall |
| 15:36 | Queue | Villager (Male) |
| 15:44 | Build | Market |
| 15:47 | Queue | Skirmisher |
| 15:50 | Queue | Villager (Male) |
| 16:06 | Queue | Skirmisher |
| 16:54 | Queue | Villager (Male) |
| 16:56 | Build | Farm |
| 16:58 | Build | Farm |
| 17:05 | Build | Palisade Wall |
| 17:13 | Queue | Militia |
| 17:13 | Queue | Militia |
| 17:14 | Queue | Skirmisher |
| 17:16 | Build | Archery Range |
| 17:24 | Research | Castle Age |
| 17:29 | Build | Farm |
| 17:43 | Queue | Skirmisher |
| 17:54 | Build | Palisade Wall |
| 17:56 | Build | House |
| 17:57 | Build | Palisade Wall |
| 18:00 | Build | House |
| 18:01 | Build | Palisade Wall |
| 18:17 | Queue | Skirmisher |
| 18:27 | Queue | Skirmisher |
| 18:29 | Queue | Skirmisher |
| 18:45 | Build | House |
| 18:46 | Build | Palisade Wall |
| 18:53 | Queue | Skirmisher |
| 18:58 | Queue | Skirmisher |
| 19:04 | Build | Blacksmith |
| 19:16 | Build | House |
| 19:32 | Build | Farm |
| 19:51 | Research | Fletching |
| 19:52 | Research | Padded Archer Armor |
| 20:02 | Queue | Villager (Male) |
| 20:04 | Age | Castle Age |
| 20:07 | Queue | Cavalry Archer |
Build order — [TMG] Lucipher
First 150 of 367 actions detected
| 0:00 | Queue | Villager (Male) |
| 0:00 | Queue | Villager (Male) |
| 0:01 | Queue | Villager (Male) |
| 0:02 | Build | House |
| 0:02 | Build | House |
| 0:06 | Queue | Villager (Male) |
| 0:06 | Queue | Villager (Male) |
| 1:31 | Queue | Villager (Male) |
| 1:31 | Queue | Villager (Male) |
| 1:44 | Build | Mill |
| 2:04 | Queue | Villager (Male) |
| 2:29 | Queue | Villager (Male) |
| 2:29 | Queue | Villager (Male) |
| 2:50 | Queue | Villager (Male) |
| 2:50 | Queue | Villager (Male) |
| 3:08 | Queue | Villager (Male) |
| 3:17 | Queue | Villager (Male) |
| 3:18 | Queue | Villager (Male) |
| 3:28 | Build | House |
| 3:48 | Queue | Villager (Male) |
| 3:48 | Queue | Villager (Male) |
| 4:08 | Queue | Villager (Male) |
| 4:09 | Queue | Villager (Male) |
| 4:21 | Queue | Villager (Male) |
| 4:21 | Queue | Villager (Male) |
| 4:57 | Build | Lumber Camp |
| 5:05 | Queue | Villager (Male) |
| 5:09 | Queue | Villager (Male) |
| 5:09 | Queue | Villager (Male) |
| 5:28 | Queue | Villager (Male) |
| 5:44 | Research | Loom |
| 6:39 | Research | Feudal Age |
| 7:01 | Build | Mining Camp |
| 7:23 | Queue | Villager (Male) |
| 7:23 | Queue | Villager (Male) |
| 7:44 | Queue | Villager (Male) |
| 7:50 | Build | House |
| 8:24 | Build | Barracks |
| 8:28 | Build | Palisade Wall |
| 8:29 | Build | Palisade Wall |
| 8:32 | Build | Palisade Wall |
| 8:35 | Build | Palisade Wall |
| 8:35 | Build | Palisade Wall |
| 8:36 | Build | Palisade Wall |
| 8:42 | Build | Palisade Wall |
| 8:50 | Age | Feudal Age |
| 8:52 | Build | Palisade Gate |
| 8:54 | Build | Palisade Gate |
| 8:57 | Build | Palisade Gate |
| 9:00 | Build | Palisade Wall |
| 9:06 | Build | Palisade Wall |
| 9:09 | Build | Palisade Wall |
| 9:13 | Queue | Villager (Male) |
| 9:18 | Build | Palisade Wall |
| 9:25 | Build | Palisade Gate |
| 9:25 | Build | House |
| 9:31 | Queue | Villager (Male) |
| 9:41 | Queue | Villager (Male) |
| 9:50 | Build | Archery Range |
| 10:04 | Build | Palisade Wall |
| 10:05 | Build | Palisade Wall |
| 10:06 | Build | Palisade Wall |
| 10:22 | Build | House |
| 10:26 | Build | Palisade Wall |
| 10:38 | Queue | Villager (Male) |
| 10:56 | Build | Palisade Wall |
| 10:56 | Build | Palisade Wall |
| 10:57 | Build | Palisade Wall |
| 11:00 | Build | Palisade Wall |
| 11:01 | Build | Palisade Wall |
| 11:10 | Queue | Archer |
| 11:10 | Queue | Archer |
| 11:14 | Queue | Villager (Male) |
| 11:19 | Queue | Archer |
| 11:32 | Queue | Villager (Male) |
| 11:34 | Build | Palisade Wall |
| 11:34 | Build | Palisade Wall |
| 11:48 | Build | Blacksmith |
| 11:52 | Queue | Villager (Male) |
| 11:54 | Queue | Archer |
| 11:55 | Queue | Archer |
| 12:00 | Research | Double-Bit Axe |
| 12:00 | Research | Double-Bit Axe |
| 12:20 | Build | Palisade Wall |
| 12:21 | Build | Palisade Wall |
| 12:22 | Build | Palisade Wall |
| 12:31 | Queue | Archer |
| 12:31 | Queue | Villager (Male) |
| 12:40 | Build | Mill |
| 12:48 | Queue | Archer |
| 12:54 | Queue | Archer |
| 12:54 | Queue | Villager (Male) |
| 13:02 | Queue | Villager (Male) |
| 13:07 | Build | House |
| 13:15 | Build | Farm |
| 13:16 | Build | Farm |
| 13:29 | Build | Farm |
| 13:31 | Queue | Villager (Male) |
| 13:34 | Build | House |
| 13:52 | Build | Watch Tower |
| 13:53 | Queue | Villager (Male) |
| 13:58 | Build | Farm |
| 14:18 | Build | Farm |
| 14:29 | Research | Fletching |
| 14:39 | Build | Stable |
| 14:45 | Queue | Villager (Male) |
| 14:50 | Queue | Archer |
| 14:59 | Build | Palisade Wall |
| 15:01 | Build | Stable |
| 15:03 | Queue | Villager (Male) |
| 15:04 | Queue | Archer |
| 15:07 | Build | Palisade Wall |
| 15:16 | Queue | Villager (Male) |
| 15:17 | Queue | Archer |
| 15:27 | Queue | Archer |
| 15:35 | Queue | Villager (Male) |
| 15:46 | Build | Farm |
| 15:47 | Queue | Scout Cavalry |
| 15:54 | Queue | Archer |
| 15:59 | Build | House |
| 16:10 | Queue | Villager (Male) |
| 16:19 | Queue | Villager (Male) |
| 16:20 | Queue | Archer |
| 16:24 | Build | House |
| 16:40 | Queue | Archer |
| 16:56 | Queue | Scout Cavalry |
| 16:59 | Build | Lumber Camp |
| 17:19 | Build | Farm |
| 17:26 | Queue | Scout Cavalry |
| 17:35 | Queue | Villager (Male) |
| 17:38 | Build | House |
| 17:42 | Build | Farm |
| 17:43 | Queue | Villager (Male) |
| 17:54 | Queue | Archer |
| 18:17 | Queue | Archer |
| 18:21 | Queue | Villager (Male) |
| 18:22 | Build | House |
| 18:27 | Queue | Archer |
| 18:27 | Queue | Villager (Male) |
| 18:30 | Queue | Scout Cavalry |
| 18:47 | Build | House |
| 18:49 | Build | Farm |
| 18:50 | Build | Farm |
| 18:53 | Build | Palisade Wall |
| 18:56 | Build | Farm |
| 18:56 | Build | Farm |
| 19:03 | Queue | Villager (Male) |
| 19:04 | Build | Farm |
| 19:17 | Queue | Villager (Male) |
| 19:29 | Queue | Villager (Male) |
Match timeline
| 5:15 | nunu · first_building Barracks |
| 8:24 | [TMG] Lucipher · first_building Barracks |
| 8:28 | [TMG] Lucipher · wall_segment Palisade Wall x1 |
| 8:29 | [TMG] Lucipher · wall_segment Palisade Wall x1 |
| 8:32 | [TMG] Lucipher · wall_segment Palisade Wall x1 |
| 8:35 | [TMG] Lucipher · wall_segment Palisade Wall x1 |
| 8:35 | [TMG] Lucipher · wall_segment Palisade Wall x1 |
| 8:36 | [TMG] Lucipher · wall_segment Palisade Wall x1 |
| 8:42 | [TMG] Lucipher · wall_segment Palisade Wall x1 |
| 8:50 | [TMG] Lucipher · age_up feudal |
| 9:00 | [TMG] Lucipher · wall_segment Palisade Wall x1 |
| 9:06 | [TMG] Lucipher · wall_segment Palisade Wall x1 |
| 9:09 | [TMG] Lucipher · wall_segment Palisade Wall x1 |
| 9:18 | [TMG] Lucipher · wall_segment Palisade Wall x1 |
| 9:50 | [TMG] Lucipher · first_building Archery Range |
| 10:03 | nunu · age_up feudal |
| 10:04 | [TMG] Lucipher · wall_segment Palisade Wall x1 |
| 10:05 | [TMG] Lucipher · wall_segment Palisade Wall x1 |
| 10:06 | [TMG] Lucipher · wall_segment Palisade Wall x1 |
| 10:26 | [TMG] Lucipher · wall_segment Palisade Wall x1 |
| 10:56 | [TMG] Lucipher · wall_segment Palisade Wall x1 |
| 10:56 | [TMG] Lucipher · wall_segment Palisade Wall x1 |
| 10:57 | [TMG] Lucipher · wall_segment Palisade Wall x1 |
| 11:00 | [TMG] Lucipher · wall_segment Palisade Wall x1 |
| 11:01 | [TMG] Lucipher · wall_segment Palisade Wall x1 |
| 11:34 | [TMG] Lucipher · wall_segment Palisade Wall x1 |
| 11:34 | [TMG] Lucipher · wall_segment Palisade Wall x1 |
| 11:46 | nunu · first_building Archery Range |
| 12:20 | [TMG] Lucipher · wall_segment Palisade Wall x1 |
| 12:21 | [TMG] Lucipher · wall_segment Palisade Wall x1 |
| 12:22 | [TMG] Lucipher · wall_segment Palisade Wall x1 |
| 14:39 | [TMG] Lucipher · first_building Stable |
| 14:59 | [TMG] Lucipher · wall_segment Palisade Wall x2 |
| 15:07 | [TMG] Lucipher · wall_segment Palisade Wall x1 |
| 15:12 | nunu · wall_segment Palisade Wall x1 |
| 15:13 | nunu · wall_segment Palisade Wall x4 |
| 17:05 | nunu · wall_segment Palisade Wall x1 |
| 17:08 | nunu · first_market_buy 100 food |
| 17:54 | nunu · wall_segment Palisade Wall x1 |
| 17:57 | nunu · wall_segment Palisade Wall x7 |
| 18:01 | nunu · wall_segment Palisade Wall x8 |
| 18:46 | nunu · wall_segment Palisade Wall x1 |
| 18:53 | [TMG] Lucipher · wall_segment Palisade Wall x3 |
| 20:04 | nunu · age_up castle |
| 20:27 | [TMG] Lucipher · wall_segment Palisade Wall x8 |
| 20:55 | nunu · first_building Monastery |
| 20:55 | [TMG] Lucipher · first_market_buy 100 food |
| 20:56 | [TMG] Lucipher · first_market_sell 100 wood |
| 21:36 | [TMG] Lucipher · wall_segment Palisade Wall x8 |
| 23:05 | nunu · first_market_sell 100 wood |
| 23:39 | [TMG] Lucipher · age_up castle |
| 25:42 | nunu · first_building Stable |
| 27:31 | [TMG] Lucipher · first_building Siege Workshop |
| 29:33 | nunu · first_building Siege Workshop |
| 37:57 | nunu · age_up imperial |
| 40:20 | [TMG] Lucipher · age_up imperial |
| 41:08 | nunu · first_building Castle |
| 41:10 | [TMG] Lucipher · resign |
[ AI ANALYSIS · 1 CREDIT ]
What really happened in this match?
Wolo.gg analyzes every decision: build order, eco, micro, common mistakes by bracket. Personalized analysis on WhatsApp or Discord in 30 seconds.
Civ guide
Mongols
Perfil
Jugador #25341819